Map: Nightshade LE

Players

MaSa

  • Race: Terran Terran
  • Spawn Location: 11:00

thermostaat (uThermal) - Winner!

  • Race: Terran Terran
  • Spawn Location: 5:00

Event: Cheeseadelphia XI, Cheeseadelphia XI

VOD

Have the link to the VOD?

Description

Time

  • Played on: Dec. 15, 2019, 5:44 p.m.
  • Length: 6:24

All games in this series

Show
View Real Time Build Order
Export as new Build Order

MaSa Terran 

Build Orders:  

Get SALT Encoding   

  12  0:00  SCV  
  13  0:12  SCV  
  14  0:17  Supply Depot  
  14  0:24  SCV  
  15  0:39  Barracks, SCV  
  16  0:44  Refinery  
  16  0:51  SCV  
  17  1:03  SCV  
  18  1:15  SCV  
  19  1:26  Marine  
  19  1:27  Orbital Command  
  20  1:39  Command Center  
  20  1:44  Marine  
  21  1:55  Factory  
  21  1:58  SCV  
  22  2:05  Supply Depot  
  22  2:11  Bunker  
  22  2:12  Marine  
  23  2:21  Refinery  
  23  2:26  SCV  
  24  2:31  Barracks Tech Lab  
  24  2:38  SCV  
  24  2:39  Hellion  
  26  2:50  SCV  
  26  2:53  Starport  
  26  3:04  Orbital Command  
  25  3:06  SCV  
  25  3:09  Cyclone  
  25  3:10  Marine  
  30  3:24  SCV  
  27  3:27  Marine  
  26  3:34  SCV  
  23  3:44  SCV  
  23  3:45  Marine  
  23  3:47  SCV  
  20  3:56  SCV  
  20  3:58  Banshee  
  20  4:01  SCV  
  25  4:08  SCV  
  26  4:13  SCV  
  27  4:20  SCV, Cloaking Field  
  28  4:25  SCV  
  28  4:30  Barracks Reactor  
  29  4:31  Refinery  
  29  4:32  SCV  
  29  4:34  Factory Tech Lab  
  29  4:37  SCV  
  31  4:44  SCV  
  32  4:49  SCV  
  33  4:54  Banshee  
  33  4:56  SCV  
  37  5:01  SCV  
  38  5:08  SCV, Command Center  
  39  5:16  Supply Depot  
  39  5:21  Siege Tank  
  39  5:23  SCV  
  39  5:26  SCV  
  44  5:33  Marine x2  
  46  5:37  Banshee, SCV  
  50  5:43  SCV  
  50  5:49  SCV  
  52  5:51  Marine x2  
  52  5:52  Supply Depot  
  43  6:02  SCV  
  34  6:11  SCV  
Show
View Real Time Build Order
Export as new Build Order

thermostaat Terran - Winner!

Build Orders:  

Get SALT Encoding   

  12  0:01  SCV  
  13  0:13  SCV  
  14  0:17  Supply Depot  
  14  0:25  SCV  
  15  0:38  SCV  
  15  0:39  Barracks  
  16  0:43  Refinery  
  16  0:50  SCV  
  17  0:58  Barracks  
  17  1:03  SCV  
  18  1:15  SCV  
  19  1:27  Orbital Command, Reaper  
  19  1:32  Supply Depot  
  20  1:45  Reaper  
  21  1:53  SCV  
  22  2:02  Reaper  
  22  2:06  SCV  
  23  2:13  Command Center  
  23  2:18  Refinery  
  23  2:20  SCV  
  23  2:22  Reaper  
  25  2:32  SCV  
  26  2:39  Reaper  
  27  2:46  SCV  
  28  2:58  SCV  
  28  3:04  Factory  
  29  3:10  SCV, Barracks Tech Lab  
  30  3:13  Barracks Reactor  
  30  3:22  SCV  
  31  3:28  Orbital Command  
  31  3:32  Bunker  
  31  3:35  SCV  
  31  3:37  Marine  
  33  3:47  Stimpack  
  29  3:49  SCV  
  29  3:52  Marine x2  
  29  3:54  Starport  
  29  3:55  Marine  
  32  3:56  SCV  
  32  3:59  Factory Reactor  
  32  4:01  SCV  
  32  4:02  Engineering Bay  
  34  4:07  Refinery  
  34  4:08  SCV  
  35  4:10  Marine x2  
  35  4:13  SCV, Marine  
  35  4:16  Supply Depot  
  39  4:20  SCV  
  40  4:25  SCV  
  40  4:28  Marine x2  
  40  4:31  Marine  
  44  4:32  SCV  
  44  4:37  Medivac  
  44  4:38  SCV, Medivac  
  50  4:39  Supply Depot  
  50  4:42  Missile Turret  
  50  4:46  Missile Turret, Marine x2  
  50  4:49  Factory Tech Lab  
  50  4:52  SCV x2  
  54  5:01  Marine  
  54  5:03  Marine  
  54  5:04  SCV  
  57  5:12  SCV, Marine  
  62  5:16  Supply Depot  
  62  5:19  Supply Depot, Cyclone  
  62  5:20  Marine  
  62  5:22  SCV  
  62  5:27  Marine  
  62  5:30  Supply Depot  
  62  5:32  SCV  
  62  5:37  SCV, Marine  
  62  5:38  Marine  
  63  5:44  Marine  
  63  5:45  SCV  
  62  5:51  Siege Tank  
  62  5:55  Marine  
  62  5:56  Marine  
  66  6:02  Marine  
  62  6:05  SCV  
  62  6:10  SCV  
  64  6:17  Command Center  
Tags
 
Add a new tag
Caveats
  • Supply blocks, unpowered buildings, or Contaminate may cause inaccurate times.
  • Supply counts are checked every 10 seconds.